[Event "Titled Tuesday Blitz March 21 Early 2023"]
[White "Salimova, Nurgyul"]
[Black "Makhnev, Denis"]
[WhiteFideId "2915138"]
[BlackFideId "13707647"]
[WhiteElo "2314"]
[BlackElo "2525"]
[Result "0-1"]
[Round "10"]
[TimeControl "180+2"]
[Date "2023.03.21"]
[WhiteClock "0:00:02"]
[BlackClock "0:00:07"]

1. d4 Nf6 2. Nf3 e6 3. Bg5 h6 4. Bh4 d5 5. e3 Nbd7 6. Nbd2 Bd6 7. Bd3 c5 8. c3 Qc7 9. Qe2 O-O 10. O-O-O c4 11. Bc2 b5 12. e4 b4 13. Nb1 Nxe4 14. Bxe4 dxe4 15. Nfd2 f5 16. f3 Bb7 17. fxe4 fxe4 18. Rhf1 Bxh2 19. Be7 Rxf1 20. Rxf1 a5 21. Nxe4 Bd5 22. Qg4 Ne5 23. Nf6+ Kh8 24. dxe5 Qxe7 25. Nxd5 exd5 26. e6 Rf8 27. Rh1 Bf4+ 28. Kd1 Bg5 29. Re1 Rf2 30. Re2 Rf1+ 31. Re1 Rf4 32. Qh5 d4 33. Nd2 dxc3 34. bxc3 b3 35. Ne4 b2 36. Kc2 Qxe6 37. Nxg5 Qxe1 38. Nf7+ Rxf7 39. Qxf7 b1=Q# 0-1


[Site "https://www.chess.com"]

[Event "Titled Tuesday Blitz March 21 Early 2023"]
[White "Sarana, Alexey"]
[Black "Kilic, Eray"]
[WhiteFideId "24133795"]
[BlackFideId "44517173"]
[WhiteElo "2714"]
[BlackElo "2328"]
[Result "1-0"]
[Round "10"]
[TimeControl "180+2"]
[Date "2023.03.21"]
[WhiteClock "0:00:16"]
[BlackClock "0:00:16"]

1. d4 Nf6 2. c4 e6 3. Nc3 Bb4 4. e3 O-O 5. Bd3 d5 6. a3 Bxc3+ 7. bxc3 c5 8. cxd5 Qxd5 9. Nf3 cxd4 10. cxd4 Nc6 11. O-O Rd8 12. Qe2 e5 13. e4 Qd6 14. d5 Bg4 15. Bb2 Bxf3 16. Qxf3 Ne7 17. h3 Nd7 18. Qe3 Ng6 19. g3 Nc5 20. Be2 b6 21. a4 Qd7 22. Bg4 Qb7 23. a5 Ne7 24. Bxe5 f6 25. Bb2 f5 26. Qg5 Nxd5 27. Bxf5 Nb4 28. axb6 axb6 29. Qh5 g6 30. Bxg6 hxg6 31. Qxg6+ Kf8 32. Qh6+ Kf7 33. e5 Qe7 34. Rae1 Ne6 35. Re3 Rh8 36. Rf3+ Kg8 37. Qg6+ Ng7 38. e6 Rf8 39. Rxf8+ Qxf8 40. Rd1 Nc6 41. Rd7 Rh7 42. Rf7 1-0


[Site "https://www.chess.com"]

[Event "Titled Tuesday Blitz March 21 Early 2023"]
[White "Flores, Diego"]
[Black "Makarian, Rudik"]
[WhiteFideId "108049"]
[BlackFideId "44105681"]
[WhiteElo "2606"]
[BlackElo "2436"]
[Result "0-1"]
[Round "10"]
[TimeControl "180+2"]
[Date "2023.03.21"]
[WhiteClock "0:00:13"]
[BlackClock "0:00:25"]

1. c4 Nf6 2. Nc3 g6 3. e4 d6 4. d4 Bg7 5. Nf3 O-O 6. Be2 Nc6 7. d5 Na5 8. Bd2 c5 9. O-O e5 10. Ne1 Kh8 11. g3 Bh3 12. Ng2 b6 13. Kh1 Ng8 14. b3 Qe7 15. Qc2 Bh6 16. Rae1 Bxd2 17. Qxd2 Rae8 18. f3 Kg7 19. Rf2 Bxg2+ 20. Kxg2 h5 21. f4 exf4 22. gxf4 Nb7 23. Bd3 Qh4 24. Re3 Nh6 25. Rh3 Qe7 26. Rg3 h4 27. f5 Kh7 28. f6 Qd7 29. Rg5 Re5 30. h3 Rfe8 31. Qf4 Rxg5+ 32. Qxg5 Re5 33. Qxh4 Rh5 34. Qg3 Ng8 35. Ne2 Qd8 36. e5 dxe5 37. Bxg6+ fxg6 38. f7 Nf6 39. Nc3 Kg7 40. h4 Nd6 41. Qh3 Nf5 0-1


[Site "https://www.chess.com"]

[Event "Titled Tuesday Blitz March 21 Early 2023"]
[White "Galchenko, Matvey"]
[Black "Praggnanandhaa R"]
[WhiteFideId "24175480"]
[BlackFideId "25059530"]
[WhiteElo "2404"]
[BlackElo "2623"]
[Result "0-1"]
[Round "10"]
[TimeControl "180+2"]
[Date "2023.03.21"]
[WhiteClock "0:00:28"]
[BlackClock "0:01:44"]

1. e4 Nc6 2. d4 d5 3. e5 Bf5 4. c3 e6 5. Bd3 Nge7 6. Ne2 Qd7 7. Ng3 Bxd3 8. Qxd3 O-O-O 9. Nd2 h5 10. h4 f6 11. f4 Qe8 12. Nb3 Ng6 13. Be3 Be7 14. O-O-O fxe5 15. fxe5 Nxh4 16. Qe2 g5 17. Rdf1 Qg6 18. Qb5 Rdf8 19. Nc5 Bxc5 20. Qxc5 Rxf1+ 21. Rxf1 Nxg2 22. Rf8+ Rxf8 23. Qxf8+ Nd8 24. Bd2 h4 25. Nf1 h3 26. Qh8 g4 27. b3 b6 28. Kb2 Qf5 29. Ka3 Qxf1 30. Bg5 h2 31. Qxh2 Nc6 32. Qh6 Qf5 33. Bd2 Kb7 34. Qg7 Nh4 35. Bg5 Nf3 0-1


[Site "https://www.chess.com"]

[Event "Titled Tuesday Blitz March 21 Early 2023"]
[White "Durarbayli, Vasif"]
[Black "Yuan, Qingyu"]
[WhiteFideId "13402935"]
[BlackFideId "8609772"]
[WhiteElo "2543"]
[BlackElo "2359"]
[Result "1-0"]
[Round "10"]
[TimeControl "180+2"]
[Date "2023.03.21"]
[WhiteClock "0:00:05"]
[BlackClock "0:00:08"]

1. e4 e5 2. Nf3 Nc6 3. d4 exd4 4. Nxd4 Nf6 5. Nxc6 bxc6 6. e5 Qe7 7. Qe2 Nd5 8. h4 f6 9. c4 Ba6 10. Rh3 Nb6 11. Re3 f5 12. Qc2 Qxh4 13. Qxf5 Bxc4 14. Rh3 Bb4+ 15. Nc3 Qe7 16. Bg5 Qe6 17. Qe4 d5 18. Qh4 Kd7 19. O-O-O Raf8 20. Bxc4 Nxc4 21. Qxc4 Bxc3 22. Rxc3 Rxf2 23. Rxd5+ cxd5 24. Qxc7+ Ke8 25. Qb8+ Kf7 26. Qxa7+ Kg6 27. Qxf2 Qxe5 28. Be3 Re8 29. Bd4 Qg5+ 30. Kb1 h6 31. Rg3 1-0


[Site "https://www.chess.com"]

[Event "Titled Tuesday Blitz March 21 Early 2023"]
[White "Moroni, Luca Jr"]
[Black "Kosteniuk, Alexandra"]
[WhiteFideId "865834"]
[BlackFideId "4128125"]
[WhiteElo "2569"]
[BlackElo "2453"]
[Result "1-0"]
[Round "10"]
[TimeControl "180+2"]
[Date "2023.03.21"]
[WhiteClock "0:00:09"]
[BlackClock "0:00:02"]

1. e4 c6 2. d4 d5 3. exd5 cxd5 4. Bd3 Nc6 5. c3 Nf6 6. Bf4 Bg4 7. Qb3 Qd7 8. Nd2 e6 9. h3 Bh5 10. Ngf3 Bxf3 11. Nxf3 Bd6 12. Ne5 Qc7 13. O-O Bxe5 14. dxe5 Nd7 15. Rfe1 Nc5 16. Qd1 Nxd3 17. Qxd3 Ne7 18. h4 O-O-O 19. b3 Kb8 20. Rac1 Nf5 21. g3 h6 22. Qf3 Rdg8 23. c4 d4 24. Bd2 Rc8 25. b4 Qc6 26. Qxc6 Rxc6 27. Re4 Rd8 28. h5 d3 29. Kg2 Nd4 30. c5 Nc2 31. g4 b6 32. cxb6 axb6 33. f4 b5 34. g5 Rc4 35. Kf3 Nd4+ 36. Kg4 Rxc1 37. Bxc1 Kb7 38. Bd2 Kc6 39. Re1 Kd5 40. Rc1 Nc2 41. f5 Kxe5 42. f6 gxf6 43. gxh6 f5+ 44. Kh4 Rd4+ 45. Kh3 Rd8 46. Rg1 Rh8 47. Rg7 f4 48. h7 Kf6 49. h6 Ne3 50. Bc3+ e5 51. Kh2 Nf5 52. Kg2 Nxg7 53. Bxe5+ Kxe5 54. hxg7 1-0


[Site "https://www.chess.com"]

[Event "Titled Tuesday Blitz March 21 Early 2023"]
[White "Ibarra Jerez, Jose Carlos"]
[Black "Molina, Roberto Junio Brito"]
[WhiteFideId "2226332"]
[BlackFideId "2109450"]
[WhiteElo "2638"]
[BlackElo "2376"]
[Result "1-0"]
[Round "10"]
[TimeControl "180+2"]
[Date "2023.03.21"]
[WhiteClock "0:00:06"]
[BlackClock "0:00:11"]

1. Nf3 d5 2. g3 c6 3. Bg2 Bg4 4. h3 Bh5 5. O-O Nd7 6. c4 e6 7. cxd5 cxd5 8. d4 Ngf6 9. Nc3 a6 10. Ne5 Be7 11. Qb3 Qb6 12. Qxb6 Nxb6 13. g4 Bg6 14. f4 Bc2 15. e3 Ne4 16. Nb1 f6 17. Nf3 Rc8 18. Nfd2 Bd3 19. Rd1 Kd7 20. Nxe4 dxe4 21. Nc3 f5 22. Rxd3 exd3 23. Bxb7 Rxc3 24. bxc3 Nc4 25. Bxa6 d2 26. Bxd2 Nxd2 27. gxf5 exf5 28. Bd3 g6 29. Kf2 Rb8 30. Rc1 Ne4+ 31. Kf3 Rb2 32. Bxe4 fxe4+ 33. Kxe4 Rxa2 34. Rh1 Ra3 35. Kd3 Bb4 36. Rc1 Ba5 37. e4 Ra2 38. Kc4 Rh2 39. Ra1 Bc7 40. e5 Rxh3 41. Ra7 Rf3 42. d5 Rxf4+ 43. Kc5 Kc8 44. d6 Bb8 45. Rxh7 Re4 46. Kd5 Re1 47. Kc6 Bxd6 48. exd6 1-0


[Site "https://www.chess.com"]

[Event "Titled Tuesday Blitz March 21 Early 2023"]
[White "Weetik, Vjacheslav"]
[Black "Yeletsky, Ivan"]
[WhiteFideId "4153472"]
[BlackFideId "24180327"]
[WhiteElo "2469"]
[BlackElo "2414"]
[Result "1/2-1/2"]
[Round "10"]
[TimeControl "180+2"]
[Date "2023.03.21"]
[WhiteClock "0:00:06"]
[BlackClock "0:00:04"]

1. d4 Nf6 2. c4 e6 3. g3 d5 4. Nf3 Bb4+ 5. Bd2 Be7 6. Bg2 Nbd7 7. O-O c6 8. Qc2 b6 9. Rd1 Bb7 10. Bf4 Rc8 11. Nc3 dxc4 12. Ne5 Nd5 13. Nxc4 Nxf4 14. gxf4 O-O 15. f5 exf5 16. Qxf5 Nf6 17. Ne5 Bd6 18. Rd3 Qe7 19. Rh3 g6 20. Qg5 Rfe8 21. f4 Ba8 22. Qh4 Nh5 23. Qg4 f5 24. Nxg6 fxg4 25. Nxe7+ Rxe7 26. Rxh5 Bxf4 27. Rf1 Be3+ 28. Kh1 Bxd4 29. Ne4 c5 30. Nd6 Bxg2+ 31. Kxg2 Rxe2+ 32. Kh1 Rc7 33. Nf5 Rf2 34. Rg5+ Kf7 35. Rxf2 Bxf2 36. Rg7+ Kf6 37. Rxc7 Be1 38. Rxh7 Kxf5 39. Rxa7 Bd2 40. Rb7 Ba5 41. Kg2 Kf4 42. Rf7+ Kg5 43. Rf8 Bd2 44. b3 Bc3 45. Kg3 Be5+ 46. Kg2 Bc3 47. Rb8 Ba5 48. Rd8 Kf5 49. Rf8+ Kg5 50. Rf1 Bc3 51. Rd1 Bd4 52. b4 Kf4 53. bxc5 Bxc5 54. Rc1 Be3 55. Rc4+ Kf5 56. Kg3 Bc5 57. Rxg4 Bd6+ 58. Kf3 Bxh2 59. Rh4 Bg1 60. Rh5+ Ke6 61. Ke4 Bc5 62. Kd3 Kd6 63. Kc4 Kc6 64. Rh6+ Kc7 65. Kb5 Bf2 66. a4 Kb7 67. Rh7+ Kb8 68. Kc6 Bg1 69. Rg7 Bf2 70. Rb7+ Ka8 71. Rf7 Bg1 72. Kb5 Kb8 73. Ka6 Be3 74. Rb7+ Kc8 75. Rf7 Kb8 76. Kb5 Bg1 77. Kc6 Be3 78. Rd7 Bf2 79. Rd2 Be3 80. Re2 Bg1 81. Kb5 Bd4 82. Re6 Kb7 83. Re7+ Kb8 84. Rf7 Be3 85. Ka6 Bg1 86. Rb7+ Kc8 87. Rg7 Bf2 88. Rf7 Be3 89. Rb7 Bd4 90. Rh7 Be3 91. Kb5 Kb8 92. Kc6 Bf2 93. Rh8+ Ka7 94. Rf8 Be3 95. Re8 Bf2 96. Re7+ Ka6 97. Rc7 Ka5 98. Rf7 Be3 99. Ra7+ Kb4 100. Ra6 Bd4 101. Kd5 Bc5 102. Kc6 Bd4 103. Ra8 Bc5 104. Kd5 Be3 105. Ke4 Bf2 106. Kd3 Bc5 107. Kc2 Ka3 108. Kc3 Be3 109. Kc4 Bf2 110. Kb5 Be3 111. Re8 Bd4 112. Re4 Bg1 113. Rg4 Bf2 114. Rf4 Bg1 115. Rf3+ Kb2 116. Rd3 1/2-1/2


[Site "https://www.chess.com"]

[Event "Titled Tuesday Blitz March 21 Early 2023"]
[White "Bronstein, Or"]
[Black "Nogerbek, Kazybek"]
[WhiteFideId "2815770"]
[BlackFideId "13710427"]
[WhiteElo "2356"]
[BlackElo "2501"]
[Result "0-1"]
[Round "10"]
[TimeControl "180+2"]
[Date "2023.03.21"]
[WhiteClock "0:00:12"]
[BlackClock "0:01:36"]

1. Nf3 g6 2. e4 Bg7 3. d4 d6 4. Nc3 Nc6 5. d5 Nb8 6. Be3 Bg4 7. Qd2 Bxf3 8. gxf3 c6 9. Bc4 Nf6 10. Bb3 Nbd7 11. dxc6 bxc6 12. h4 Qa5 13. O-O-O Nc5 14. Kb1 Nxb3 15. axb3 h5 16. Rhg1 O-O 17. Rg5 Qb4 18. Rdg1 a5 19. Qd3 a4 20. bxa4 Rfb8 21. Bc1 Nh7 22. Rxg6 fxg6 23. e5 Bxe5 24. Qxg6+ Kh8 25. Nd1 Qxa4 26. c3 Rg8 0-1


[Site "https://www.chess.com"]

[Event "Titled Tuesday Blitz March 21 Early 2023"]
[White "Rozman, Levy"]
[Black "Kobo, Ori"]
[WhiteFideId "2039877"]
[BlackFideId "2812320"]
[WhiteElo "2376"]
[BlackElo "2447"]
[Result "1-0"]
[Round "10"]
[TimeControl "180+2"]
[Date "2023.03.21"]
[WhiteClock "0:00:07"]
[BlackClock "0:00:04"]

1. e4 g6 2. Bc4 Bg7 3. Qf3 e6 4. d4 d6 5. Ne2 Nf6 6. O-O O-O 7. Nbc3 Nc6 8. Be3 e5 9. h3 exd4 10. Nxd4 Ne5 11. Qe2 Nxc4 12. Qxc4 Re8 13. Ndb5 c6 14. Nxa7 Be6 15. Qb4 Qe7 16. Rad1 c5 17. Qb6 Nd7 18. Qxb7 Reb8 19. Nc6 Rxb7 20. Nxe7+ Kf8 21. Ned5 Rxb2 22. a4 Rxc2 23. Nc7 Ra7 24. N3b5 Rxa4 25. Nxe6+ fxe6 26. Rxd6 Ke7 27. Rfd1 Ne5 28. Nc7 Rca2 29. Nxe6 Bf6 30. Nxc5 R4a3 31. Re6+ Kf7 32. Rb6 Ra1 33. Rb7+ Kg8 34. Rxa1 Rxa1+ 35. Kh2 Nc4 36. Bf4 g5 37. Nd7 Be7 38. Bg3 h5 39. Ne5 h4 40. Rxe7 hxg3+ 41. Kxg3 Nd2 42. Nf3 Nf1+ 43. Kg4 Ra5 44. e5 Kf8 45. Re6 Kf7 46. Rf6+ Kg7 47. Rd6 Kf7 48. Rd1 Ra4+ 49. Kxg5 Ke6 50. Rxf1 Ra8 51. Re1 Rg8+ 52. Kf4 Rxg2 53. Ng5+ Ke7 54. f3 1-0


[Site "https://www.chess.com"]

[Event "Titled Tuesday Blitz March 21 Early 2023"]
[White "Mekhitarian, Krikor Sevag"]
[Black "Domingo Nunez, Ruben"]
[WhiteFideId "2107660"]
[BlackFideId "22245570"]
[WhiteElo "2604"]
[BlackElo "2404"]
[Result "0-1"]
[Round "10"]
[TimeControl "180+2"]
[Date "2023.03.21"]
[WhiteClock "0:00:15"]
[BlackClock "0:01:59"]

1. Nf3 g6 2. c4 Bg7 3. d4 d6 4. e4 Nd7 5. Nc3 e5 6. Be3 Ngf6 7. Be2 O-O 8. O-O exd4 9. Nxd4 Re8 10. f3 Nc5 11. Qd2 Nh5 12. Rad1 Ne6 13. Nb3 a5 14. Nb5 a4 15. N3d4 Bd7 16. Nxe6 Bxe6 17. Bd4 Bd7 18. Bxg7 Nxg7 19. Nc3 Ne6 20. Rfe1 Bc6 21. Bf1 Qf6 22. a3 h5 23. Rc1 Nc5 24. Qf2 Kg7 25. Red1 Re5 26. Nd5 Bxd5 27. cxd5 h4 28. Be2 Rae8 29. Qd4 Nb3 30. Qc3 Nxc1 31. Rxc1 R5e7 32. Qxf6+ Kxf6 33. Rc4 Ra8 34. Bd1 b5 35. Rb4 Ra5 36. Be2 Re8 37. Bxb5 Rb8 38. Bc6 Rxb4 39. axb4 a3 40. bxa3 Rxa3 0-1


[Site "https://www.chess.com"]

[Event "Titled Tuesday Blitz March 21 Early 2023"]
[White "Aditya Mittal"]
[Black "Popov, Mikhail"]
[WhiteFideId "35042025"]
[BlackFideId "4146182"]
[WhiteElo "2396"]
[BlackElo "2270"]
[Result "1/2-1/2"]
[Round "10"]
[TimeControl "180+2"]
[Date "2023.03.21"]
[WhiteClock "0:01:28"]
[BlackClock "0:00:32"]

1. d4 Nf6 2. c4 g6 3. Nc3 d5 4. cxd5 Nxd5 5. Bd2 Bg7 6. e4 Nxc3 7. Bxc3 O-O 8. Qd2 e5 9. dxe5 Qh4 10. Nf3 Qxe4+ 11. Be2 Nc6 12. O-O Rd8 13. Qe3 Qxe3 14. fxe3 Bg4 15. h3 Bxf3 16. Bxf3 Bxe5 17. Bxc6 Bxc3 18. Bxb7 Rab8 19. bxc3 Rxb7 20. Rad1 Rxd1 21. Rxd1 Rb2 22. Rd7 Rxa2 23. Rxc7 h5 24. h4 Rc2 25. Rxa7 Rxc3 1/2-1/2


[Site "https://www.chess.com"]

[Event "Titled Tuesday Blitz March 21 Early 2023"]
[White "Averjanov, Alexey"]
[Black "benny_aizenberg"]
[WhiteFideId "14109867"]
[WhiteElo "2823"]
[BlackElo "2597"]
[Result "1-0"]
[Round "10"]
[TimeControl "180+2"]
[Date "2023.03.21"]
[WhiteClock "0:00:09"]
[BlackClock "0:00:03"]

1. d4 Nf6 2. c4 e6 3. Nf3 d5 4. e3 c5 5. dxc5 Bxc5 6. a3 a5 7. Nc3 Nc6 8. cxd5 exd5 9. Be2 O-O 10. Nb5 Ne4 11. O-O Bf5 12. Nfd4 Bg6 13. b3 Nxd4 14. Nxd4 Nc3 15. Qd2 Bxd4 16. exd4 Nxe2+ 17. Qxe2 Qf6 18. Be3 Qb6 19. Qb2 Rac8 20. Rac1 Qb5 21. Rc5 Rxc5 22. dxc5 Re8 23. Rc1 f6 24. Qc3 Qd3 25. h3 Qxc3 26. Rxc3 Re4 27. Rd3 Bf7 28. f3 Re5 29. Kf2 Kf8 30. Bd4 Re8 31. Rd2 Ke7 32. a4 Kd7 33. Bc3 Kc6 34. Bxa5 Kxc5 35. Rc2+ Kd6 36. Rc7 Re7 37. Rc8 Kd7 38. Rd8+ Kc6 39. Bb4 Rd7 40. Rc8+ Rc7 41. Rd8 Rd7 42. Rc8+ Rc7 43. Rh8 d4 44. Rd8 Rd7 45. Rc8+ Rc7 46. Rd8 Rd7 47. Rc8+ Kd5 48. Rc5+ Ke6 49. Ke2 Bg6 50. Kd2 Rd5 51. Rc7 Rd7 52. Rxd7 Kxd7 53. Bf8 Bf7 54. Bxg7 Bxb3 55. Bxf6 Bxa4 56. Bxd4 Ke6 57. Ke3 h5 58. Kf4 Be8 59. Kg5 b5 60. Bc3 Ke7 61. Bb4+ Ke6 62. f4 Bc6 63. g3 Bg2 64. g4 Bxh3 65. Kxh5 Kf7 66. Kh4 Bf1 67. Kg5 Bc4 68. f5 Kg7 69. Bc3+ Kf7 70. Kh6 Bd3 71. Kg5 Be2 72. Kf4 Bd1 73. g5 Bh5 74. Kg3 Ke7 75. g6 Bd1 76. Kf4 Bc2 77. f6+ Kf8 78. Bb4+ Kg8 79. f7+ Kg7 80. f8=Q+ Kxg6 81. Qe7 Bd3 82. Qc5 Bc4 83. Qg5+ Kf7 84. Bc3 Ke6 85. Qf6+ Kd7 86. Qd4+ Kc6 87. Bb4 Kc7 88. Qc5+ Kd7 89. Ke5 Bf1 90. Qd6+ Kc8 91. Ba5 Kb7 92. Qb6+ Ka8 93. Kd6 b4 94. Kc7 Bg2 95. Qb8# 1-0


[Site "https://www.chess.com"]

[Event "Titled Tuesday Blitz March 21 Early 2023"]
[White "Kramnik, Vladimir"]
[Black "Ingebretsen, Jens E"]
[WhiteFideId "4101588"]
[BlackFideId "1522965"]
[WhiteElo "2712"]
[BlackElo "2213"]
[Result "1-0"]
[Round "10"]
[TimeControl "180+2"]
[Date "2023.03.21"]
[WhiteClock "0:01:34"]
[BlackClock "0:00:06"]

1. e4 c5 2. Nf3 e6 3. d4 cxd4 4. Nxd4 Nf6 5. Nc3 Nc6 6. a3 d6 7. Be2 Be7 8. Be3 O-O 9. f4 e5 10. Nxc6 bxc6 11. fxe5 dxe5 12. Qxd8 Rxd8 13. Rd1 Bg4 14. h3 Rxd1+ 15. Kxd1 Be6 16. Kc1 Nd7 17. Rd1 Bc5 18. Bxc5 Nxc5 19. b4 Nd7 20. Ba6 Rb8 21. Na4 Kf8 22. Rd6 Rd8 23. Nc5 Ke7 24. Rxc6 Nxc5 25. Rxc5 Rd4 26. Bd3 Kf6 27. Kd2 Rd7 28. Ke3 h5 29. a4 Rd4 30. c3 Rd6 31. a5 a6 32. Rc7 g5 33. Ra7 Bc8 34. Ra8 Bd7 35. Rxa6 Ke7 36. Rxd6 Kxd6 37. c4 Bc8 38. c5+ Kc6 39. Bc4 f6 40. a6 Bd7 41. Bd5+ 1-0


[Site "https://www.chess.com"]

[Event "Titled Tuesday Blitz March 21 Early 2023"]
[White "Indjic, Aleksandar"]
[Black "Harshavardhan G B"]
[WhiteFideId "911925"]
[BlackFideId "25059009"]
[WhiteElo "2614"]
[BlackElo "2323"]
[Result "1-0"]
[Round "10"]
[TimeControl "180+2"]
[Date "2023.03.21"]
[WhiteClock "0:01:53"]
[BlackClock "0:01:00"]

1. d4 Nf6 2. c4 g6 3. Nc3 Bg7 4. Nf3 O-O 5. h3 d6 6. g4 Nbd7 7. e4 e5 8. Be3 Re8 9. Qc2 exd4 10. Nxd4 a6 11. Bg2 h5 12. g5 Nh7 13. f4 c5 14. Nde2 Rb8 15. Rd1 b5 16. O-O Qb6 17. e5 dxe5 18. f5 bxc4 19. fxg6 fxg6 20. Nd5 Qxb2 21. Qxg6 Rf8 22. Ne7+ Kh8 23. Be4 Rxf1+ 24. Rxf1 Ndf8 25. Qxh7+ Nxh7 26. Ng6+ Kg8 27. Bd5+ Be6 28. Bxe6# 1-0


[Site "https://www.chess.com"]

[Event "Titled Tuesday Blitz March 21 Early 2023"]
[White "Hernandez Gonzalez, William"]
[Black "Ter-Sahakyan, Samvel"]
[WhiteFideId "3509915"]
[BlackFideId "13302531"]
[WhiteElo "2374"]
[BlackElo "2566"]
[Result "0-1"]
[Round "10"]
[TimeControl "180+2"]
[Date "2023.03.21"]
[WhiteClock "0:01:03"]
[BlackClock "0:01:57"]

1. e4 c5 2. Nf3 e6 3. d4 cxd4 4. Nxd4 Nf6 5. Nc3 Nc6 6. Ndb5 Bc5 7. Nd6+ Ke7 8. Bf4 e5 9. Nf5+ Kf8 10. Be3 Bb4 11. a3 Bxc3+ 12. bxc3 d5 13. Bc5+ Kg8 14. Ng3 Be6 15. Bd3 h5 16. exd5 Qxd5 17. Be3 h4 18. Ne2 Qxg2 19. Rg1 Qf3 20. Bg5 Ng4 0-1


[Site "https://www.chess.com"]

[Event "Titled Tuesday Blitz March 21 Early 2023"]
[White "Aradhya, Garg"]
[Black "Yilmaz, Mustafa"]
[WhiteFideId "25006746"]
[BlackFideId "6302718"]
[WhiteElo "2263"]
[BlackElo "2523"]
[Result "1-0"]
[Round "10"]
[TimeControl "180+2"]
[Date "2023.03.21"]
[WhiteClock "0:01:14"]
[BlackClock "0:00:02"]

1. d4 Nf6 2. c4 g6 3. Nf3 Bg7 4. g3 c5 5. Bg2 cxd4 6. O-O Nc6 7. Nxd4 O-O 8. Nc3 Qa5 9. e3 Qc5 10. b3 d6 11. Bb2 Bd7 12. Rc1 Qh5 13. Qxh5 Nxh5 14. Nd5 Rae8 15. Rfd1 Nf6 16. Nxc6 Bxc6 17. Nxf6+ Bxf6 18. Bxf6 exf6 19. Bxc6 bxc6 20. Rxd6 f5 21. Rxc6 Rd8 22. Rc2 Rd1+ 23. Kg2 Rfd8 24. Ra6 Kg7 25. c5 R8d7 26. c6 Rc7 27. b4 Kf6 28. b5 Rb1 29. a4 Ke6 30. Rd2 g5 31. Rd4 h5 32. h4 g4 33. e4 fxe4 34. Rxe4+ Kd5 35. Rf4 Re7 36. Rf5+ Kd4 37. Rf4+ Kd3 38. c7 Rxc7 39. Rd6+ Kc3 40. Rc6+ Rxc6 41. bxc6 Kb3 42. Rxf7 a5 43. Rb7+ Kxa4 44. Rxb1 1-0


[Site "https://www.chess.com"]

[Event "Titled Tuesday Blitz March 21 Early 2023"]
[White "Gharibyan, Mamikon"]
[Black "Darini, Pouria"]
[WhiteFideId "13308300"]
[BlackFideId "12502200"]
[WhiteElo "2445"]
[BlackElo "2482"]
[Result "1-0"]
[Round "10"]
[TimeControl "180+2"]
[Date "2023.03.21"]
[WhiteClock "0:00:25"]
[BlackClock "0:00:21"]

1. d4 Nf6 2. c4 e6 3. Nf3 d5 4. g3 c6 5. Qc2 Bd6 6. Bg2 O-O 7. O-O Qe7 8. Nbd2 Nbd7 9. e4 dxe4 10. Nxe4 Nxe4 11. Qxe4 Nf6 12. Qe2 c5 13. Rd1 Rb8 14. b3 b6 15. Bb2 Bb7 16. Rd3 Be4 17. Re3 Bg6 18. Ne5 Bxe5 19. dxe5 Nd7 20. h4 h6 21. h5 Bf5 22. Rd1 Rfd8 23. Rd6 Nf8 24. a3 Qg5 25. Kh2 Bg4 26. Qd2 Qxh5+ 27. Kg1 Re8 28. b4 Qf5 29. b5 Qb1+ 30. Kh2 Qg6 31. a4 h5 32. Bc3 Qg5 33. Red3 Qe7 34. Qe3 h4 35. a5 Bf5 36. Rd2 hxg3+ 37. Qxg3 Ng6 38. Rd7 Qh4+ 39. Qxh4 Nxh4 40. Bc6 Ng6 41. Rxa7 bxa5 42. Bxe8 Rxe8 43. b6 Nh4 44. Kg3 g5 45. b7 Be4 46. Ra8 Rxa8 47. bxa8=Q+ Bxa8 48. Rd8+ Kg7 49. Rxa8 Kg6 50. Kg4 1-0


[Site "https://www.chess.com"]

[Event "Titled Tuesday Blitz March 21 Early 2023"]
[White "Drygalov, Andrey"]
[Black "Belozerov, Andrei"]
[WhiteFideId "24171735"]
[BlackFideId "4120213"]
[WhiteElo "2471"]
[BlackElo "2360"]
[Result "1-0"]
[Round "10"]
[TimeControl "180+2"]
[Date "2023.03.21"]
[WhiteClock "0:00:36"]
[BlackClock "0:00:22"]

1. e4 c5 2. Nf3 Nc6 3. Bb5 g6 4. Bxc6 bxc6 5. O-O Bg7 6. Re1 Nf6 7. e5 Nd5 8. c4 Nc7 9. d4 cxd4 10. Qxd4 Ne6 11. Qh4 d6 12. Bh6 Bxe5 13. Nxe5 dxe5 14. Nc3 f6 15. Rad1 Qa5 16. Ne4 Kf7 17. Re3 Rd8 18. Rxd8 Qxd8 19. Re1 Qd3 20. Be3 h5 21. Nc3 Ng7 22. Qe4 Qxe4 23. Nxe4 Bf5 24. Nc5 Rd8 25. b3 h4 26. Na4 Rd7 27. Nc5 Rd6 28. Nb7 Rd7 29. Nc5 Rc7 30. Na6 Rc8 31. f3 h3 32. g4 Bd7 33. Nc5 Ke8 34. Rd1 Be6 35. Bh6 Bg8 36. Bxg7 g5 37. Bxf6 exf6 38. Rd7 Rd8 39. Rxd8+ Kxd8 40. Ne4 Ke7 41. Kf2 Be6 42. Kg3 f5 43. Nxg5 Bd7 44. Kxh3 e4 45. fxe4 fxg4+ 46. Kg3 Kf6 47. Kf4 c5 48. e5+ Kg6 49. Ne4 Kh5 50. Nf6+ Kh4 51. Nxd7 Kh3 52. Nf6 Kxh2 53. Nxg4+ 1-0


[Site "https://www.chess.com"]

[Event "Titled Tuesday Blitz March 21 Early 2023"]
[White "Amilal Munkhdalai"]
[Black "Urazayev, Arystanbek"]
[WhiteFideId "4903250"]
[BlackFideId "13709810"]
[WhiteElo "2293"]
[BlackElo "2479"]
[Result "1-0"]
[Round "10"]
[TimeControl "180+2"]
[Date "2023.03.21"]
[WhiteClock "0:00:07"]
[BlackClock "0:00:02"]

1. e4 e5 2. Nf3 Nc6 3. Bb5 a6 4. Ba4 Nf6 5. d3 Bc5 6. O-O d6 7. c3 O-O 8. h3 Ba7 9. Re1 Ne7 10. Nbd2 Ng6 11. Nf1 c6 12. Be3 Bxe3 13. fxe3 d5 14. exd5 cxd5 15. d4 e4 16. N3d2 b5 17. Bb3 Be6 18. a4 Qd7 19. Qe2 h5 20. Bc2 h4 21. Nb3 Bf5 22. Nc5 Qc6 23. Rec1 Nd7 24. b4 Nb6 25. Bb3 Nc4 26. Ra2 Qf6 27. Rca1 Rab8 28. axb5 axb5 29. Qf2 Qg5 30. Bxc4 bxc4 31. Ra5 Bxh3 32. Na6 Rb7 33. Nc5 Re7 34. b5 Bc8 35. b6 h3 36. Qg3 Qf6 37. Rb1 hxg2 38. Nh2 Qc6 39. Kxg2 f5 40. Ra7 f4 41. Qg5 fxe3 42. Rxe7 Qd6 43. Re5 Nxe5 44. Qxe5 Qg6+ 45. Kh1 Rf5 46. Qb8 Rf8 47. b7 Bxb7 48. Qxb7 Qh5 49. Ne6 Rf7 50. Qb8+ Kh7 51. Rg1 e2 52. Qg3 Re7 53. Ng5+ Kh6 54. Qe3 Ra7 55. Nxe4+ Kh7 56. Ng5+ Kh8 57. Nf3 Ra8 58. Qxe2 Rf8 59. Qg2 Rg8 60. Qg4 Qh7 61. Rg3 Qb1+ 62. Kg2 Qc2+ 63. Kg1 Qb1+ 64. Nf1 g6 65. Rh3+ Kg7 66. Qd7+ Kf6 67. Qd6+ Kg7 68. Qe7# 1-0


[Site "https://www.chess.com"]

[Event "Titled Tuesday Blitz March 21 Early 2023"]
[White "Papasimakopoulos, Alexandros"]
[Black "Idani, Pouya"]
[WhiteFideId "4244125"]
[BlackFideId "12510130"]
[WhiteElo "2359"]
[BlackElo "2574"]
[Result "0-1"]
[Round "10"]
[TimeControl "180+2"]
[Date "2023.03.21"]
[WhiteClock "0:00:08"]
[BlackClock "0:01:00"]

1. d4 Nf6 2. c4 g6 3. Nc3 Bg7 4. Bg5 d6 5. e3 O-O 6. Nf3 Nbd7 7. Be2 c5 8. d5 a6 9. a4 Qc7 10. Nd2 Re8 11. O-O e6 12. e4 exd5 13. cxd5 Ne5 14. h3 h6 15. Bh4 g5 16. Bg3 Ng6 17. Qc2 Nd7 18. Rfe1 Nde5 19. Nd1 Qe7 20. Ne3 Qf6 21. Nf5 Ne7 22. Nxg7 Kxg7 23. Rf1 N7g6 24. Nc4 Nxc4 25. Bxc4 Nf4 26. Rfe1 Bd7 27. a5 Re5 28. Rab1 Rae8 29. f3 Qg6 30. Qd2 f5 31. Bxf4 gxf4 32. Bd3 fxe4 33. Bxe4 Qg5 34. Kh1 Kf7 35. b4 c4 36. Rbc1 Bb5 37. g4 fxg3 38. Qxg5 Rxg5 39. Kg2 Kf6 40. h4 Rg7 41. Rh1 Rc7 42. Rh3 Rg8 43. Rxg3 Rxg3+ 44. Kxg3 Ke5 45. Kg4 c3 46. Kh5 Kd4 47. Kxh6 Bd3 48. h5 Bxe4 49. fxe4 Kxe4 50. Kg6 Kxd5 51. h6 Kc4 52. h7 Rxh7 53. Kxh7 d5 54. Kg6 d4 55. Kf5 d3 56. Ke4 d2 57. Rd1 c2 58. Rxd2 c1=Q 59. Rd4+ Kb5 60. Ke5 Qc3 61. Ke4 Qxd4+ 62. Kxd4 Kxb4 63. Kd5 Kxa5 64. Kc4 Ka4 0-1


[Site "https://www.chess.com"]